 Dungeon Crawl Stone Soup version 0.21.0-36-ge3e1d5aaab (webtiles) character file.

1065 Gargoyl the Skirmisher (level 8, 0/67 HPs)
             Began as a Gnoll Abyssal Knight on Jan 30, 2018.
             Was a Priest of Lugonu.
             Slain by a bullfrog (6 damage)
             ... on level 6 of the Dungeon.
             The game lasted 00:10:48 (7287 turns).

Gargoyl the Skirmisher (Gnoll Abyssal Knight)       Turns: 7287, Time: 00:10:48

Health: 0/67       AC:  1    Str: 16    XL:     8   Next: 27%
Magic:  12/12      EV: 11    Int: 15    God:    Lugonu [***...]
Gold:   290        SH:  0    Dex: 15    Spells: 13/13 levels left

rFire    . . .     SeeInvis .   v - +3 hand axe
rCold    . . .     Gourm    .   (no shield)
rNeg     . . .     Faith    .   u - +0 scale mail
rPois    .         Spirit   .   (no helmet)
rElec    .         Reflect  .   (no cloak)
rCorr    +         Harm     .   f - +1 pair of gloves (curse)
MR       .....                  (no boots)
Stlth    +.........             d - amulet of rage
HPRegen  0.21/turn              g - ring of resist corrosion
MPRegen  0.13/turn              (no ring)

@: corroded
A: distributed training, fangs 1, strong nose
a: Depart the Abyss, Bend Space, Banish, Renounce Religion, Evoke Berserk Rage


You were on level 6 of the Dungeon.
You worshipped Lugonu.
Lugonu was most pleased with you.
You were hungry.

You visited 1 branch of the dungeon, and saw 6 of its levels.
You visited the Abyss 1 time.

You collected 290 gold pieces.

Inventory:

Hand Weapons
 k - a +0 hand axe of chopping
 s - a +0 war axe
 v - a +3 hand axe (weapon)
Missiles
 m - 7 tomahawks of returning (quivered)
Armour
 f - a cursed +1 pair of gloves (worn)
 u - a +0 scale mail (worn)
Jewellery
 d - an amulet of rage (around neck)
 g - a ring of resist corrosion (left hand)
Wands
 a - a wand of paralysis (16)
 i - a wand of polymorph (14)
 n - a wand of random effects (30)
 p - a wand of digging (10)
Scrolls
 q - a scroll of identify
 t - a scroll of remove curse
Potions
 b - a potion of might
 e - 6 potions of haste
 h - a potion of heal wounds {unknown}
 j - 2 potions of degeneration
 l - 4 potions of curing {unknown}
 o - a potion of ambrosia {unknown}
 r - 2 potions of agility {unknown}
Comestibles
 c - 5 rations
 w - 2 chunks of flesh


   Skills:
 + Level 7.3 Fighting
 + Level 3.1 Short Blades
 + Level 3.1 Long Blades
 + Level 5.5 Axes
 + Level 3.1 Maces & Flails
 + Level 3.1 Polearms
 + Level 3.1 Staves
 + Level 3.1 Slings
 + Level 3.1 Bows
 + Level 3.1 Crossbows
 + Level 3.1 Throwing
 + Level 5.5 Armour
 + Level 4.0 Dodging
 + Level 3.1 Stealth
 + Level 3.1 Shields
 + Level 3.1 Unarmed Combat
 + Level 3.1 Spellcasting
 + Level 2.5 Conjurations
 + Level 2.5 Hexes
 + Level 2.5 Charms
 + Level 2.5 Summonings
 + Level 2.5 Necromancy
 + Level 2.5 Translocations
 + Level 2.5 Transmutations
 + Level 2.5 Fire Magic
 + Level 2.5 Ice Magic
 + Level 2.5 Air Magic
 + Level 2.5 Earth Magic
 + Level 2.5 Poison Magic
 + Level 5.7 Invocations
 + Level 3.1 Evocations


You had 13 spell levels left.
You didn't know any spells.

Dungeon Overview and Level Annotations

Branches:
Dungeon (6/15)
 Temple: D:4-7

Altars:
Dithmenos
Fedhas
Kikubaaqudgha
Qazlal
Ru
Sif Muna
Trog

Shops:
D:6 }

Annotations:
D:3 Andry07's ghost, amateur GrFi


Innate Abilities, Weirdness & Mutations

Your experience applies equally to all skills.
You have very sharp teeth.
Your uncanny sense of smell can sniff out nearby items.


Message History

You bite the bullfrog, but do no damage.
The bullfrog is lightly wounded.
The bullfrog hits you.
You hit the bullfrog but do no damage.
The bullfrog is lightly wounded.
The bullfrog completely misses you. The bullfrog hits you.
* * * LOW HITPOINT WARNING * * *
You barely miss the bullfrog. Your bite misses the bullfrog.
The bullfrog is lightly wounded.
The bullfrog hits you.
* * * LOW HITPOINT WARNING * * *
The bullfrog barely misses you.
You barely miss the bullfrog.
The bullfrog is lightly wounded.
The bullfrog hits you!
* * * LOW HITPOINT WARNING * * *
You hit the bullfrog.
The bullfrog is moderately wounded.
The bullfrog hits you.
You die...

### #### ## #.. ... #.∆ #!#
####.#### .. #.# #.......#
#F ####.######.......# # #.
.................#
....##.######..##...........
..........F@...............#
..........###.#.#.#........#
.##........................#
##...##..##∩#.#.#.#.#..#.#
#.## #..##.#.....#.##>#.#
#.. ....##.###.....##>#.#
... ...###.# #.##.†##...<
##. ### #.# #.##........
#.##.###...#


You could see a bullfrog.

Vanquished Creatures
  An ogre (D:4)
  3 scorpions
  A crimson imp (D:5)
  2 jellies
  3 hounds
  An orc priest (D:4)
  3 orc wizards
  7 worker ants
  Natasha (thrice) (D:2)
  3 iguanas
  A hound zombie (D:5)
  7 adders
  A shadow imp (D:6)
  An ooze (D:2)
  4 worms
  2 dart slugs
  6 leopard geckos
  4 orcs
  13 bats
  2 bat zombies (D:3)
  6 giant cockroaches
  5 goblins
  8 hobgoblins
  10 jackals
  A quokka (D:3)
  7 frilled lizards
  A jackal skeleton (D:6)
  11 kobolds
  A leopard gecko zombie (D:5)
  A quokka skeleton (D:5)
  A quokka zombie (D:5)
  5 rats
  A rat zombie (D:3)
126 creatures vanquished.

Notes
Turn   | Place    | Note
-------+----------+-------------------------------------------
     0 | Abyss:1  | Gargoyl the Gnoll Abyssal Knight began the quest for the Orb.
     0 | Abyss:1  | Reached XP level 1. HP: 23/23 MP: 3/3
    49 | Abyss:2  | Noticed a sixfirhy
    50 | D:1      | Escaped the Abyss
   261 | D:1      | Reached * piety under Lugonu
   261 | D:1      | Reached XP level 2. HP: 21/29 MP: 5/5
  1029 | D:2      | Reached XP level 3. HP: 27/35 MP: 6/6
  1565 | D:2      | Reached skill level 1 in Short Blades
  1565 | D:2      | Reached skill level 1 in Long Blades
  1565 | D:2      | Reached skill level 1 in Maces & Flails
  1565 | D:2      | Reached skill level 1 in Polearms
  1565 | D:2      | Reached skill level 1 in Staves
  1565 | D:2      | Reached skill level 1 in Slings
  1565 | D:2      | Reached skill level 1 in Bows
  1565 | D:2      | Reached skill level 1 in Crossbows
  1565 | D:2      | Reached skill level 1 in Throwing
  1565 | D:2      | Reached skill level 1 in Stealth
  1565 | D:2      | Reached skill level 1 in Shields
  1565 | D:2      | Reached skill level 1 in Unarmed Combat
  1565 | D:2      | Reached skill level 1 in Spellcasting
  1565 | D:2      | Reached skill level 1 in Evocations
  1729 | D:2      | Noticed Natasha
  1734 | D:2      | Killed Natasha
  1734 | D:2      | Reached XP level 4. HP: 23/41 MP: 7/7
  2123 | D:2      | Reached skill level 1 in Conjurations
  2123 | D:2      | Reached skill level 1 in Hexes
  2123 | D:2      | Reached skill level 1 in Charms
  2123 | D:2      | Reached skill level 1 in Summonings
  2123 | D:2      | Reached skill level 1 in Necromancy
  2123 | D:2      | Reached skill level 1 in Translocations
  2123 | D:2      | Reached skill level 1 in Transmutations
  2123 | D:2      | Reached skill level 1 in Fire Magic
  2123 | D:2      | Reached skill level 1 in Ice Magic
  2123 | D:2      | Reached skill level 1 in Air Magic
  2123 | D:2      | Reached skill level 1 in Earth Magic
  2123 | D:2      | Reached skill level 1 in Poison Magic
  2134 | D:2      | Noticed Natasha
  2147 | D:2      | Killed Natasha
  2147 | D:2      | Reached XP level 5. HP: 31/47 MP: 8/8
  2270 | D:2      | Noticed Natasha
  2280 | D:2      | Killed Natasha
  2412 | D:2      | Found a blossoming altar of Fedhas.
  2443 | D:2      | Reached ** piety under Lugonu
  2628 | D:2      | Found a bloodstained altar of Trog.
  2815 | D:3      | Found an ancient bone altar of Kikubaaqudgha.
  2920 | D:3      | Found a sacrificial altar of Ru.
  2997 | D:3      | Noticed Andry07's ghost (amateur GrFi)
  3481 | D:3      | Reached skill level 5 in Invocations
  3481 | D:3      | Reached XP level 6. HP: 48/53 MP: 9/9
  4041 | D:4      | Reached skill level 5 in Axes
  4041 | D:4      | Reached skill level 5 in Armour
  4097 | D:4      | Found a shadowy altar of Dithmenos.
  4097 | D:4      | Found a deep blue altar of Sif Muna.
  4193 | D:4      | Reached XP level 7. HP: 31/59 MP: 10/10
  4200 | D:4      | Reached *** piety under Lugonu
  4890 | D:4      | Reached skill level 7 in Fighting
  5162 | D:4      | Found a stormy altar of Qazlal.
  5726 | D:5      | Entered Level 5 of the Dungeon
  6292 | D:5      | Reached XP level 8. HP: 24/67 MP: 12/12
  7239 | D:6      | Found Daothrefoth's Gadget Shop.
  7287 | D:6      | Slain by a bullfrog

Skill      XL: |  1  2  3  4  5  6  7  8 |
---------------+-------------------------+-----
Short Blades   | 1 2 3 |  3.1
Long Blades    | 1 2 3 |  3.1
Maces & Flails | 1 2 3 |  3.1
Polearms       | 1 2 3 |  3.1
Staves         | 1 2 3 |  3.1
Slings         | 1 2 3 |  3.1
Bows           | 1 2 3 |  3.1
Crossbows      | 1 2 3 |  3.1
Throwing       | 1 2 3 |  3.1
Stealth        | 1 2 3 |  3.1
Shields        | 1 2 3 |  3.1
Unarmed Combat | 1 2 3 |  3.1
Spellcasting   | 1 2 3 |  3.1
Evocations     | 1 2 3 |  3.1
Conjurations   | 1 2 |  2.5
Hexes          | 1 2 |  2.5
Charms         | 1 2 |  2.5
Summonings     | 1 2 |  2.5
Necromancy     | 1 2 |  2.5
Translocations | 1 2 |  2.5
Transmutations | 1 2 |  2.5
Fire Magic     | 1 2 |  2.5
Ice Magic      | 1 2 |  2.5
Air Magic      | 1 2 |  2.5
Earth Magic    | 1 2 |  2.5
Poison Magic   | 1 2 |  2.5
Dodging        | 3 4 |  4.0
Invocations    | 5 |  5.7
Axes           | 5 |  5.5
Armour         | 5 |  5.5
Fighting       | 7 |  7.3

Action                   |  1- 3 |  4- 6 |  7- 9 || total
-------------------------+-------+-------+-------++-------
Melee: Hand axe          |    97 |   201 |   299 ||   597
       Bite              |     6 |    13 |    38 ||    57
       Punch             |       |     1 |     3 ||     4
Invok: Depart the Abyss  |     1 |       |       ||     1
Evoke: Wand              |       |     1 |       ||     1
  Use: Scroll            |     1 |     4 |     4 ||     9
       Potion            |       |     1 |       ||     1
 Stab: Sleeping          |       |     2 |       ||     2
       Distracted        |       |       |     1 ||     1
  Eat: Chunk             |     2 |     5 |     3 ||    10
       Ration            |       |     1 |     2 ||     3
Armor: Leather armour    |    27 |    38 |       ||    65
       Ring mail         |       |    77 |    33 ||   110
       Scale mail        |       |       |    79 ||    79
Dodge: Dodged            |    81 |   207 |   159 ||   447
